 Dungeon Sprint DCSS version 0.29-a0-1009-g60c99734e7 (webtiles) character file.

Game seed: 7351402786189517580

197 Hubris850 the Carver (level 5, -9/41 HPs)
             Began as a Merfolk Monk on Aug 8, 2022.
             Was a Believer of Cheibriados.
             Killed from afar by a gargoyle (13 damage)
             ... with a stone arrow
             ... in the Dungeon (Sprint IX: "|||||||||||||||||||||||||||||").
             The game lasted 00:01:47 (174 turns).

Hubris850 the Carver (Merfolk Monk)                  Turns: 174, Time: 00:01:48

Health: -9/41      AC: 11    Str: 19    XL:     5   Next: 75%
Magic:  5/5        EV: 12    Int: 14    God:    Cheibriados [**....]
Gold:   0          SH:  0    Dex: 24    Spells: 4/4 levels left

rFire   . . .      SeeInvis .   l - +2 scimitar (vorpal)
rCold   . . .      Faith    .   (no shield)
rNeg    . . .      Spirit   .   o - +1 scale mail
rPois   .          Reflect  .   n - +0 helmet
rElec   .          Harm     .   m - +0 cloak
rCorr   .          Rampage  .   (no gloves)
Will    .....      NoTele   +   (no boots)
Stlth   +.........              (no amulet)
HPRegen 0.13/turn               p - +2 ring of protection
MPRegen 0.09/turn               q - +3 ring of strength

@: very slow
A: (nimble swimmer 2), mertail
a: Renounce Religion, Bend Time


You were in the Dungeon.
You worshipped Cheibriados.
Cheibriados was pleased with you.
You visited 1 branch

Inventory:

Hand Weapons
 a - a +0 falchion
 l - a +2 vorpal scimitar (weapon)
Armour
 b - a +0 robe
 m - a +0 cloak (worn)
 n - a +0 helmet (worn)
 o - a +1 scale mail (worn)
Jewellery
 p - a +2 ring of protection (left hand)
 q - a +3 ring of strength (right hand)
Wands
 k - a wand of acid (10)
Scrolls
 i - 2 scrolls of blinking
 j - 2 scrolls of amnesia
Potions
 c - a potion of ambrosia
 d - 5 potions of curing
 e - 3 potions of heal wounds
 f - a potion of haste
 g - 4 potions of magic
 h - a potion of invisibility


   Skills:
 - Level 3.2 Fighting
 + Level 13.8 Long Blades
 - Level 4.0 Dodging
 - Level 2.1 Stealth


You had 4 spell levels left.
You didn't know any spells.
Your spell library was empty.

Dungeon Overview and Level Annotations

Branches:
Dungeon (1/1)

Altars:
Cheibriados
Dithmenos
Elyvilon
Fedhas
Gozag
Hepliaklqana
Kikubaaqudgha
Makhleb
Nemelex Xobeh
Okawaru
Qazlal
Ru
Sif Muna
Trog
Uskayaw
Vehumet
Wu Jian
Xom
Yredelemnul
Zin
The Shining One
Jiyva
Lugonu


Innate Abilities, Weirdness & Mutations

((You are very nimble when in or above water. (Stealth+, EV+, Speed+++)))
Your lower body shifts to a powerful aquatic tail in water.


Message History

You feel agile.
You closely miss the vampire.
The vampire gestures at you while chanting.
You are confused.
You bump into the unnaturally hard rock wall.
The vampire mumbles some strange words.
The vampire flickers and vanishes!
Deactivating autopickup; reactivate with Ctrl-A.
The gargoyle hurls a stone arrow at you.
The stone arrow hits something!
You bump into the unnaturally hard rock wall.
Something hits you! Something bites you but does no damage.
The gargoyle hurls a stone arrow at you.
The stone arrow hits something!
You bump into the unnaturally hard rock wall.
Something hits you! Something bites you but does no damage.
The gargoyle hurls a stone arrow at you.
The stone arrow hits something!
You closely miss something.
You hear some strange, mumbled words.
Something tries to affect you, but you resist.
You bump into the unnaturally hard rock wall.
Something hits you but does no damage. Something bites you.
Something draws strength from your injuries!
You bump into the unnaturally hard rock wall.
Something hits you but does no damage. Something bites you but does no damage.
You feel less confused.
You hit something but do no damage. Something hits you.
Something bites you but does no damage.
You slash something!
Cheibriados appreciates the change of pace.
Reactivating autopickup.
You feel a bit more experienced.
The gargoyle hurls a stone arrow at you.
The stone arrow hits you!
* * * LOW HITPOINT WARNING * * *
Your Long Blades skill increases to level 13!
The gargoyle hurls a stone arrow at you.
The stone arrow hits you!
You die... ▓▓▓▓▓▓▓▓▓▓▓▓▓▓▓▓▓▓▓▓▓▓▓▓ ...yoc9@.....)..'_______ ▓▓▓▓▓▓▓▓▓▓▓▓▓▓▓▓▓▓▓▓▓▓▓▓

You could see an orc warrior, a gargoyle, a centaur and a killer bee.

Vanquished Creatures
  A vampire (D)
  A scorpion (D)
  A howler monkey (D)
  A hound (D)
  An adder (D)
  A dart slug (D)
  An endoplasm (D)
  A giant cockroach (D)
  A hobgoblin (D)
  2 quokkas (D)
  A bat (D)
12 creatures vanquished.

Notes
Turn   | Place    | Note
-------+----------+-------------------------------------------
     0 | D        | Hubris850 the Merfolk Monk began the quest for the Orb.
     0 | D        | Reached XP level 1. HP: 18/18 MP: 1/1
     7 | D        | Reached skill level 4 in Long Blades
    10 | D        | Reached skill level 5 in Long Blades
    20 | D        | Noticed a scorpion
    20 | D        | Noticed a hound
    24 | D        | Killed a hound
    25 | D        | Reached skill level 8 in Long Blades
    25 | D        | Reached XP level 2. HP: 24/24 MP: 2/2
    25 | D        | Reached XP level 3. HP: 29/29 MP: 3/3
    25 | D        | Killed a scorpion
    26 | D        | Reached skill level 11 in Long Blades
    26 | D        | Reached XP level 4. HP: 35/35 MP: 4/4
    89 | D        | Found a snail-covered altar of Cheibriados.
    89 | D        | Found a shadowy altar of Dithmenos.
    89 | D        | Found a white marble altar of Elyvilon.
    89 | D        | Found a blossoming altar of Fedhas.
    89 | D        | Found an opulent altar of Gozag.
    90 | D        | Found a hazy altar of Hepliaklqana.
    91 | D        | Found a viscous altar of Jiyva.
    92 | D        | Found an ancient bone altar of Kikubaaqudgha.
    93 | D        | Became a worshipper of Cheibriados the Contemplative
    93 | D        | Reached * piety under Cheibriados
    93 | D        | Reached ** piety under Cheibriados
    94 | D        | Found a corrupted altar of Lugonu.
    95 | D        | Found a burning altar of Makhleb.
    96 | D        | Found a sparkling altar of Nemelex Xobeh.
    97 | D        | Found an iron altar of Okawaru.
    98 | D        | Found a stormy altar of Qazlal.
    99 | D        | Found a sacrificial altar of Ru.
   100 | D        | Found a shimmering blue altar of Sif Muna.
   101 | D        | Found a bloodstained altar of Trog.
   102 | D        | Found a hide-covered altar of Uskayaw.
   103 | D        | Found a radiant altar of Vehumet.
   104 | D        | Found an ornate altar of the Wu Jian Council.
   105 | D        | Found a shimmering altar of Xom.
   106 | D        | Found a basalt altar of Yredelemnul.
   107 | D        | Found a glowing silver altar of Zin.
   108 | D        | Found a glowing golden altar of the Shining One.
   159 | D        | Noticed an orc warrior
   159 | D        | Noticed a centaur
   159 | D        | Noticed a gargoyle
   159 | D        | Noticed a vampire
   164 | D        | Reached skill level 12 in Long Blades
   164 | D        | Reached XP level 5. HP: 41/41 MP: 5/5
   173 | D        | Killed a vampire
   174 | D        | Reached skill level 13 in Long Blades
   174 | D        | Killed from afar by a gargoyle

Illustrated notes

Levels and vault maps discovered:
D:        linesprint [early_d, line_temple, items_1, d_10, items_2, lair_1,
          lair_end, items_3, orc_1, orc_end, items_4, d_15, swamp_1, shoals_1,
          snake_1, spider_1, d_20, vaults_1, items_5, swamp_end, shoals_end,
          snake_end, spider_end, vaults_end, d_27, items_6, zot_1, zot_end,
          crypt_end, forest_end, elf_end, slime_end, tomb_end, abyss_end,
          pan_hell_end]

Skill      XL: |  1  2  3  4  5 |
---------------+----------------+-----
Long Blades    | 8 11 12 13 | 13.8
Fighting       | |  3.2
Dodging        | |  4.0
Stealth        | |  2.1

Action                   |  1- 3 |  4- 6 || total
-------------------------+-------+-------++-------
Melee: Falchion          |    14 |     3 ||    17
       Scimitar          |       |     8 ||     8
  Use: Potion            |     1 |       ||     1
Armor: Robe              |     2 |       ||     2
       Scale mail        |       |     6 ||     6
Dodge: Dodged            |     7 |     3 ||    10

Table legend: (Time is in decaauts)
 A = Elapsed time spent in this place.
 B = Non-inter-level travel time spent in this place.
 C = Inter-level travel time spent in this place.
 D = Time resting spent in this place.
 E = Time spent auto-exploring this place.
 F = Levels seen in this place.
 G = Mean time per level.
                   A        B        C        D        E       F      G
               +--------+--------+--------+--------+--------+-----+--------+
         Total |    191 |    191 |      0 |     61 |      0 |   1 |  191.0 |
       Dungeon |    191 |    191 |      0 |     61 |      0 |   1 |  191.0 |
               +--------+--------+--------+--------+--------+-----+--------+

Top non-repeatable levels by time:
       D: 191 daAuts
